Unix NetHack Version 3.7.0-73 Work-in-progress - last build Feb 17 2023 02:16:44 (48fe2e8c4a70f1d2d5b622443eb9b5bc1b8d05f7,branch:master). Game began 2023-02-22 14:04:07, ended 2023-02-22 14:23:24. microlance, lawful female dwarven Valkyrie --- ---- --.-- --..| --- |...| --...| --.--- --..-- --..|.| |....| --...| --..-|.| |-.--- |..|.| --..--|.----..| |.-|.| --- --...`--..|...-| --.||.---- ---*--------..|...........| |..||....-- |........|...----........%---- |.------..--|..........--- |............----- |.| --...|---......-------.|...........--.>| |.| ---.-- ---.|....||....|--......`......---- . |.| |...-------....--.----|.................| .. |.| |......---........-- |...--..---.....*.| --... |.| |.......|.......*..| ---.|---- --.--..-- --..... |.| --................-- |.| ------- |.... |.-- --......:....%...| |.------- --------------% .. |..| |........<..[....| |.......---..........h%(`| . |..| .---....--.-- .-- ------.........---------- ---- ---.- --- --------..| ---- Microlance the Fighter St:18/02 Dx:13 Co:17 In:8 Wi:9 Ch:11 Lawful S:2250 Dlvl:8 $:60 HP:0(67) Pw:8(8) AC:2 Xp:6/455 T:3566 Satiated Blind Latest messages: You try to feel what is lying here on the floor. You feel here a whistle. You try to move the boulder, but in vain. You try to feel what is lying here on the floor. You feel here a homunculus corpse. You try to feel what is lying here on the floor. You feel here a whistle. You try to feel what is lying here on the floor. You attack thin air. You try to feel what is lying here on the floor. You feel here a whistle. You try to feel what is lying here on the floor. You feel here a homunculus corpse. What do you want to eat? [iK or ?*] This satiates your stomach! You finish eating the food ration. What do you want to use or apply? [pqwD or ?*] Your lamp is now off. What do you want to use or apply? [pqwD or ?*] Sorry, I don't know how to use that. It bites! It bites! You're on fire! It bites! It bites! It bites! It bites! It bites! It bites! It bites! It bites! It bites! It misses! Wait! There's something there you can't see! It bites! It bites! You're on fire! You hit it. It bites! It bites! You're on fire! You hit it. It bites! It bites! You miss it. It bites! It bites! You're on fire! It bites! You die... Inventory: Coins ('$') $ - 60 gold pieces Weapons (')') E - a +0 dart b - a +0 dagger a - a +1 dwarvish spear (weapon in hand) F - a +0 orcish dagger Armor ('[') B - a cursed +0 orcish helm (being worn) A - a cursed -2 pair of water walking boots (being worn) c - an uncursed +3 small shield (being worn) j - an uncursed +0 scale mail (being worn) Comestibles ('%') i - 4 uncursed food rations K - an uncursed lembas wafer Rings ('=') s - an uncursed ring of cold resistance (on left hand) u - an uncursed -1 ring of increase accuracy (on right hand) Tools ('(') q - an uncursed oilskin sack containing 6 items D - an uncursed magic whistle w - an uncursed oil lamp p - an uncursed skeleton key Contents of the oilskin sack: a cursed -1 helmet an uncursed scroll of enchant armor an uncursed scroll of punishment an uncursed spellbook of magic mapping an uncursed potion of see invisible a potion of unholy water Microlance the Valkyrie's attributes: Background: You were a Fighter, a level 6 dwarven Valkyrie. You were lawful, on a mission for Tyr who was opposed by Odin (neutral) and Loki (chaotic). You were in the Gnomish Mines, on level 8. You entered the dungeon 3566 turns ago. There was a new moon in effect when your adventure ended. You had 455 experience points, 185 more were needed to attain level 7. Your score was 2250 before end-of-game adjustments. Basics: You had 0 out of 67 hit points. You had all 8 energy points (spell power). Your armor class was 2. Your wallet contained 60 zorkmids. Autopickup was on for '$?!"=/' plus thrown, with exceptions. Final Characteristics: Your strength was 18/02 (limit:18/100). Your dexterity was 13 (limit:20). Your constitution was 17 (limit:20). Your intelligence was 8 (limit:16). Your wisdom was 9 (limit:16). Your charisma was 11 (limit:16). Final Status: You were temporarily blind. You were satiated. You were unencumbered. You were wielding a spear. You had basic skill with spear and could have enhanced that. Final Attributes: You were piously aligned. You were cold resistant. Your items were protected from cold. You had infravision. You were stealthy. You could walk on water. You had a small penalty to hit (-1). You were warded. You are dead. Miscellaneous: You disabled loading of bones levels. Total elapsed playing time was 19 minutes and 16 seconds. Major events: Turn 1: microlance the lawful dwarven Valkyrie entered the dungeon 935: attained the rank of Skirmisher (level 3) 1255: entered the Gnomish Mines 2492: reached Mine Town 2896: attained the rank of Fighter (level 6) 3566: killed by a fire ant Vanquished creatures: 2 small mimics 2 Mordor orcs an orc shaman a rock piercer a rock mole a fog cloud a yellow light 2 giant ants a little dog 2 floating eyes 2 kittens 2 homunculi 2 kobold shamans a monkey an iguana 2 coyotes a hobgoblin a giant rat a brown mold a red mold 2 gnomes 4 foxes a kobold 2 goblins 2 sewer rats 6 grid bugs 6 bats 2 kobold zombies 4 newts 57 creatures vanquished. No species were genocided or became extinct. Voluntary challenges: You read items or engraved 2 times. You never engraved Elbereth. You never genocided any monsters. You never polymorphed an object. You never changed form. You used no wishes. Achievements: You entered a shop. You attained the rank of Skirmisher. You entered the Gnomish Mines. You entered Minetown. You entered a temple. You attained the rank of Fighter. The Dungeons of Doom: levels 1 to 4 Level 1: A fountain, some sinks. Level 2: Level 3: A general store, a fountain. Stairs down to The Gnomish Mines. Level 4: The Gnomish Mines: levels 4 to 8 Level 4: Level 5: Level 6: Level 7: Many shops, a temple, some fountains. Level 8: <- You were here. Final resting place for you, killed by a fire ant. Game over: ---------- / \ / REST \ / IN \ / PEACE \ / \ | microlance | | 60 Au | | killed by a fire | | ant | | | | | | 2023 | *| * * * | * _________)/\\_//(\/(/\)/\//\/|_)_______ Farvel microlance the Valkyrie... You died in The Gnomish Mines on dungeon level 8 with 2244 points, and 60 pieces of gold, after 3566 moves. You were level 6 with a maximum of 67 hit points when you died.